AoeStats
← 739697286

African Clearing

510303461Analyzed
4v4 RM · 3d ago on Sep 30, 2026· 52m 42s· 8 players
Game mode
Random Map
Map size
Large (8 player)
Population
200
Speed
Normal
Resources
Standard
Victory
Conquest
Starting age
Dark Age
Ending age
Imperial Age
RankedLock teamsTeams togetherTeam positionsShared explorationLock speedFull tech treeHidden civsTurbo modeCheats
Victory
Defeat
🇨🇳 Vietnamese · China
1463
+13
🇻🇳 Magyars · Vietnam
1432
+14
🇨🇳 Danes · China
1428
+14
🇨🇳 Mongols · China
1416
+15
🇨🇳 Khitans · China
1471
-16
🇨🇳 Berbers · China
1388
-14
🇩🇪 Ethiopians · Germany
1361
-13
🇪🇸 Varangians · Spain
1357
-13
.
4:19 Loom
13:18 Feudal Age
14:16 Double-Bit Axe
16:10 Fletching
17:44 Horse Collar
22:40 Stone Mining
24:55 Castle Age
24:11 Forging
26:25 Bow Saw
26:07 Stone Mining
28:11 Heavy Plow
31:02 Arson
32:22 Iron Casting
33:03 Wheelbarrow
36:10 Scale Mail Armor
36:15 Squires
36:58 Hand Cart
41:42 Imperial Age
40:19 Gold Mining
41:05 Stone Shaft Mining
40:53 Chain Mail Armor
40:24 Hamask
43:02 Plate Mail Armor
42:57 Conscription
42:45 Elite Jomsviking
44:55 Blast Furnace
44:47 Elite Varangian Guard
47:00 Bodkin Arrow
47:17 Capped Ram
47:32 Northmen's Fury
49:16 Siege Ram
51:26 Siege Engineers
52:22 Chemistry
51:44 Ballistics
51:35 Masonry
52:16 Hoardings
骑人机的骑士
13:22 Feudal Age
17:46 Castle Age
15:59 Double-Bit Axe
16:24 Loom
27:45 Padded Archer Armor
27:36 Fletching
28:56 Leather Archer Armor
29:55 Gold Mining
29:56 Stone Mining
30:17 Bow Saw
30:49 Bodkin Arrow
32:13 Wheelbarrow
35:43 Imperial Age
34:04 Ballistics
33:28 Horse Collar
36:08 Heavy Plow
35:50 Elite Rattan Archer
38:04 Chemistry
38:06 Crop Rotation
38:31 Ring Archer Armor
38:02 Bracer
38:48 Stone Shaft Mining
38:58 Bracer
39:31 Hand Cart
40:16 Caravan
45:14 Forging
45:09 Scale Barding Armor
46:39 Two-Man Saw
51:55 Iron Casting
51:41 Chain Barding Armor
hongiutradepbove
10:26 Loom
12:52 Feudal Age
13:37 Town Watch
17:49 Castle Age
17:15 Bloodlines
17:20 Double-Bit Axe
22:22 Husbandry
23:56 Scale Barding Armor
31:02 Wheelbarrow
32:22 Bow Saw
40:30 Horse Collar
42:59 Chain Barding Armor
45:36 Imperial Age
44:56 Chain Barding Armor
45:39 Cavalier
46:55 Plate Barding Armor
47:37 Paladin
51:34 Hand Cart
51:52 Conscription
739697286
7:37 Loom
10:53 Loom
13:15 Feudal Age
14:53 Double-Bit Axe
17:26 Castle Age
16:53 Stone Mining
16:56 Gold Mining
20:06 Fletching
20:16 Padded Archer Armor
20:07 Fletching
20:17 Padded Archer Armor
20:07 Fletching
20:17 Padded Archer Armor
20:07 Fletching
20:17 Padded Archer Armor
21:34 Forging
36:39 Bow Saw
38:12 Wheelbarrow
47:18 Imperial Age
45:25 Wheelbarrow
46:08 Bodkin Arrow
46:14 Padded Archer Armor
46:09 Bodkin Arrow
46:14 Padded Archer Armor
46:09 Bodkin Arrow
46:14 Padded Archer Armor
46:09 Bodkin Arrow
46:15 Padded Archer Armor
46:10 Bodkin Arrow
47:01 Hand Cart
48:40 Capped Ram
50:42 Conscription
Das Frettchen
12:15 Loom
14:08 Feudal Age
18:18 Castle Age
16:53 Double-Bit Axe
18:32 Horse Collar
19:48 Bow Saw
20:57 Wheelbarrow
21:53 Bow Saw
25:53 Town Watch
26:35 Scale Mail Armor
27:49 Hand Cart
29:38 Heavy Plow
30:19 Fletching
35:22 Imperial Age
34:10 Thumb Ring
34:06 Bodkin Arrow
34:44 Padded Archer Armor
35:07 Ballistics
35:49 Leather Archer Armor
36:17 Bracer
36:04 Elite Genitour
36:49 Husbandry
38:00 Conscription
38:57 Ring Archer Armor
39:39 Thumb Ring
43:27 Crossbowman
45:49 Chemistry
45:01 Masonry
47:08 Two-Man Saw
48:08 Arbalester
51:05 Architecture
51:45 Coinage
51:28 Guilds
52:03 Forging
CARANZA
3:49 Loom
14:19 Feudal Age
14:47 Double-Bit Axe
15:53 Bloodlines
18:17 Forging
18:40 Horse Collar
26:59 Castle Age
27:07 Pikeman
28:39 Wheelbarrow
30:36 Bow Saw
32:05 Iron Casting
36:18 Hand Cart
38:05 Fletching
38:16 Padded Archer Armor
40:37 Bodkin Arrow
46:39 Imperial Age
49:00 Blast Furnace
48:06 Scale Barding Armor
致远Deepgame
8:09 Loom
12:17 Feudal Age
12:48 Double-Bit Axe
17:18 Forging
19:11 Domestication
26:49 Wheelbarrow
35:16 Town Watch
39:06 Fishing Lines
45:13 Gold Mining
48:34 Castle Age
49:30 Bow Saw
49:12 Gillnets
50:12 Hand Cart
50:16 Gambesons
52:43 Scale Mail Armor
勇敢牛牛
4:08 Loom
13:01 Feudal Age
13:26 Double-Bit Axe
19:33 Wheelbarrow
23:14 Castle Age
21:43 Scale Barding Armor
21:48 Forging
21:53 Bloodlines
24:15 Chain Barding Armor
23:58 Husbandry
33:41 Forging
36:55 Iron Casting
42:29 Imperial Age
43:16 Heavy Camel Rider
44:20 Hand Cart
45:12 Plate Barding Armor
46:43 Blast Furnace
46:57 Conscription
47:37 Fletching
48:19 Bodkin Arrow
50:18 Town Watch
Connection lost

Rejoining the realm…

Still unreachable

The connection could not be restored.

Session expired

The server has moved on; the page needs a fresh start.